 Dungeon Crawl Stone Soup version 0.30-a0-862-g1aabd4f9c5 (webtiles) character file.

Game seed: 4726507146011295848

643 Maxmaps the Ducker (level 7, -5/60 HPs)
             Began as a Gnoll Monk on Mar 9, 2023.
             Was a Believer of Cheibriados.
             Slain by an ogre
             ... wielding a +0 giant club
              (7 damage)
             ... on level 5 of the Dungeon.
             The game lasted 00:05:28 (4750 turns).

Maxmaps the Ducker (Gnoll Monk)                     Turns: 4750, Time: 00:05:28

Health: -5/60      AC: 13    Str: 14    XL:     7   Next: 51%
Magic:  10/10      EV:  8    Int: 16    God:    Cheibriados [**....]
Gold:   112        SH:  5    Dex: 18    Spells: 11/11 levels left

rFire   + . .      SeeInvis .    t - +2 short sword (drain)
rCold   . . .      Faith    .    j - +0 buckler
rNeg    + . .      Spirit   .    m - +2 chain mail {rF+}
rPois   .          Reflect  .    n - +0 helmet
rElec   .          Rampage  .    (no cloak)
rCorr   .                        (no gloves)
Will    .....                    p - +0 pair of boots Stlth
                                 (no amulet)
HPRegen 0.30/turn                i - ring of positive energy
MPRegen 0.12/turn                (no ring)

@: very slow
A: fangs 1, strong nose, distributed training
a: Renounce Religion, Bend Time


You were on level 5 of the Dungeon.
You worshipped Cheibriados.
Cheibriados was pleased with you.
You visited 2 branches of the dungeon, and saw 6 of its levels.

You collected 180 gold pieces.
You spent 68 gold pieces at shops.

Inventory:

Hand Weapons
 a - a +0 falchion
 f - a +1 dagger of draining
 t - a +2 short sword of draining (weapon)
Armour
 h - a +0 plate armour
 j - a +0 buckler (worn)
 m - a +2 chain mail of fire resistance (worn)
 n - a +0 helmet (worn)
 p - a +0 pair of boots (worn)
Jewellery
 i - a ring of positive energy (left hand)
 o - a ring of positive energy
Wands
 b - a wand of charming (11)
 q - a wand of digging (2)
Scrolls
 d - a scroll of blinking
 g - a scroll of teleportation
Potions
 c - a potion of ambrosia
 e - 2 potions of curing
 k - 2 potions of degeneration
 l - 2 potions of attraction
 r - a potion of cancellation {unknown}
 s - a potion of berserk rage {unknown}


   Skills:
 + Level 7.1 Fighting
 + Level 2.6 Short Blades
 + Level 7.1 Long Blades
 + Level 2.6 Axes
 + Level 2.6 Maces & Flails
 + Level 2.6 Polearms
 + Level 2.6 Staves
 + Level 2.6 Ranged Weapons
 + Level 2.6 Throwing
 + Level 2.6 Armour
 + Level 7.1 Dodging
 + Level 5.0 Stealth
 + Level 2.6 Shields
 + Level 2.6 Unarmed Combat
 + Level 2.6 Spellcasting
 + Level 2.1 Conjurations
 + Level 2.1 Hexes
 + Level 2.1 Summonings
 + Level 2.1 Necromancy
 + Level 2.1 Translocations
 + Level 2.1 Transmutations
 + Level 2.1 Fire Magic
 + Level 2.1 Ice Magic
 + Level 2.1 Air Magic
 + Level 2.1 Earth Magic
 + Level 2.1 Poison Magic
 + Level 2.9 Invocations
 + Level 2.6 Evocations


You had 11 spell levels left.
You didn't know any spells.
Your spell library contained the following spells:

 Spells                   Type           Power      Damage    Failure   Level
 Shock                    Conj/Air       36%        1d5       95%         1
 Summon Guardian Golem    Hex/Summ       9%         N/A       100%        3
 Swiftness                Air            9%         N/A       100%        3
 Airstrike                Air            4%         2d(1-17)  100%        4
 Orb of Destruction       Conj           4%         9d5       100%        7
 Spellforged Servitor     Conj/Summ      4%         N/A       100%        7


Dungeon Overview and Level Annotations

Branches:
Dungeon (5/15)             Temple (1/1) D:4

Altars:
Ashenzari
Cheibriados
Dithmenos
Fedhas
Gozag
Hepliaklqana
Kikubaaqudgha
Okawaru
Ru
Sif Muna
Trog
Uskayaw
Wu Jian
Xom
Yredelemnul
Zin
The Shining One

Shops:
D:3 *


Innate Abilities, Weirdness & Mutations

You have very sharp teeth.
Your uncanny sense of smell can sniff out nearby items.
Your experience applies equally to all skills.


Message History

You feel sick. The scorpion completely misses you.
You hit the scorpion.
You bite the scorpion, but do no damage.
The scorpion is severely wounded.
You feel sick.
The scorpion stings you but does no damage.
You hit the scorpion. You drain the scorpion.
You kill the scorpion!
Cheibriados thoroughly appreciates the change of pace.
Your Stealth skill increases to level 5!
You hit the ogre.
The ogre is lightly wounded.
You feel sick. The ogre hits you with a +0 giant club!
You hit the ogre. You drain the ogre. You bite the ogre.
The ogre is moderately wounded.
You feel sick.
You hit the ogre.
The ogre is heavily wounded.
The ogre barely misses you.
You closely miss the ogre.
The ogre is heavily wounded.
You feel sick. You block the ogre's attack.
You closely miss the ogre. You bite the ogre.
The ogre is heavily wounded.
You hit the ogre. You drain the ogre. You bite the ogre.
The ogre is severely wounded.
You feel sick.
You are no longer poisoned.
The ogre hits you with a +0 giant club!
* * * LOW HITPOINT WARNING * * *
You hit the ogre but do no damage.
The ogre is severely wounded.
The ogre hits you with a +0 giant club!
* * * LOW HITPOINT WARNING * * *
You hit the ogre.
The ogre is almost dead.
You barely miss the ogre. You bite the ogre, but do no damage.
The ogre is almost dead.
The ogre hits you with a +0 giant club!
You die...

#............<#......#
##.#.##.##.......).....
###.#.#.....#....####.#......
.............................
###.#..............##.#....#
###.#.##.#.......>.........
..........................
########.#.##.##.#......#####
#.#.##.##@#.##........
###.##..#O#.##.......#
#.###.#....#.#.#.#.# #.#
#.#............# #.#
#.#......#.#.### #.#
#.#........# .. ∆ #.#
#.#......### .# #.#.#.#..# #
#.#.#......


You could see an ogre (very drained).

Vanquished Creatures
  Duvessa (D:4)
  The ghost of Hubjo the Grave Robber, an amateur DsNe (D:3)
  A scorpion (D:5)
  Dowan (D:4)
  A jelly (D:5)
  Terence (D:2)
  Natasha (thrice) (D:3)
  An orc wizard (D:3)
  Robin (D:2)
  7 adders
  An ufetubus (D:5)
  A worm (D:3)
  A dart slug (D:2)
  6 orcs (D:3)
  4 ball pythons
  6 bats
  6 endoplasms
  5 giant cockroaches
  18 goblins
  14 hobgoblins
  3 jackals (D:1)
  4 quokkas
  14 kobolds
  2 rats
103 creatures vanquished.

Notes
Turn   | Place    | Note
-------+----------+-------------------------------------------
     0 | D:1      | Maxmaps the Gnoll Monk began the quest for the Orb.
     0 | D:1      | Reached XP level 1. HP: 23/23 MP: 1/1
   127 | D:1      | Reached XP level 2. HP: 24/29 MP: 2/2
   554 | D:1      | Reached XP level 3. HP: 28/35 MP: 3/3
   779 | D:1      | Reached skill level 1 in Invocations
   917 | D:1      | Found a sacrificial altar of Ru.
  1080 | D:2      | Reached skill level 1 in Short Blades
  1080 | D:2      | Reached skill level 1 in Axes
  1080 | D:2      | Reached skill level 1 in Maces & Flails
  1080 | D:2      | Reached skill level 1 in Polearms
  1080 | D:2      | Reached skill level 1 in Staves
  1080 | D:2      | Reached skill level 1 in Ranged Weapons
  1080 | D:2      | Reached skill level 1 in Throwing
  1080 | D:2      | Reached skill level 1 in Armour
  1080 | D:2      | Reached skill level 1 in Shields
  1080 | D:2      | Reached skill level 1 in Unarmed Combat
  1080 | D:2      | Reached skill level 1 in Spellcasting
  1080 | D:2      | Reached skill level 1 in Evocations
  1266 | D:2      | Noticed Terence
  1286 | D:2      | Killed Terence
  1287 | D:2      | Reached XP level 4. HP: 22/41 MP: 5/5
  1384 | D:2      | Noticed Robin
  1401 | D:2      | Reached skill level 1 in Conjurations
  1401 | D:2      | Reached skill level 1 in Hexes
  1401 | D:2      | Reached skill level 1 in Summonings
  1401 | D:2      | Reached skill level 1 in Necromancy
  1401 | D:2      | Reached skill level 1 in Translocations
  1401 | D:2      | Reached skill level 1 in Transmutations
  1401 | D:2      | Reached skill level 1 in Fire Magic
  1401 | D:2      | Reached skill level 1 in Ice Magic
  1401 | D:2      | Reached skill level 1 in Air Magic
  1401 | D:2      | Reached skill level 1 in Earth Magic
  1401 | D:2      | Reached skill level 1 in Poison Magic
  1427 | D:2      | Killed Robin
  1617 | D:2      | Reached XP level 5. HP: 44/47 MP: 7/7
  2018 | D:3      | Found Udiot's Assorted Antiques.
  2193 | D:3      | Found a hide-covered altar of Uskayaw.
  2316 | D:3      | Noticed Natasha
  2333 | D:3      | Killed Natasha
  2580 | D:3      | Noticed Natasha
  2597 | D:3      | Killed Natasha
  2598 | D:3      | Reached XP level 6. HP: 28/53 MP: 8/8
  2626 | D:3      | Noticed Natasha
  2633 | D:3      | Killed Natasha
  2815 | D:3      | Bought an inky potion for 16 gold pieces
  2815 | D:3      | Bought a scroll labelled RESENT ZUKU for 18 gold pieces
  2815 | D:3      | Bought a red potion for 16 gold pieces
  2815 | D:3      | Bought a scroll labelled HATACI XYROUCK for 18 gold pieces
  3132 | D:3      | Found a broken altar of Ashenzari.
  3234 | D:3      | Found a runed translucent door.
  3234 | D:3      | Noticed Hubjo's ghost (amateur DsNe)
  3327 | D:3      | Killed Hubjo's ghost
  3672 | D:4      | Found an opulent altar of Gozag.
  3783 | D:4      | Noticed Duvessa
  3783 | D:4      | Noticed Dowan
  3822 | D:4      | Killed Duvessa
  3823 | D:4      | Reached XP level 7. HP: 31/60 MP: 10/10
  3858 | D:4      | Killed Dowan
  3976 | D:4      | Found a staircase to the Ecumenical Temple.
  4133 | Temple   | Entered the Ecumenical Temple
  4285 | Temple   | Became a worshipper of Cheibriados the Contemplative
  4285 | Temple   | Reached * piety under Cheibriados
  4285 | Temple   | Reached ** piety under Cheibriados
  4624 | D:5      | Entered Level 5 of the Dungeon
  4742 | D:5      | Reached skill level 5 in Stealth
  4748 | D:5      | HP: 1/60 [ogre/+0 giant club (8)]
  4750 | D:5      | Slain by an ogre

Illustrated notes

Levels and vault maps discovered:
D:1:      dpeg_arrival_water_altar, layout_basic, dreamdust_princess_corridor,
          hangedman_decor_lopped
D:2:      layout_basic, st_stairs_12, uniq_robin, uniq_terence
D:3:      layout_basic, ashenzari_altar_1, mainiacjoe_overflow_tiny_flanked,
          ebering_ghost_sewer_d, serial_shops, nicolae_shop_waterfront,
          uniq_natasha
D:4:      layout_basic, grunt_gozag_breadcrumbs,
          minmay_temple_entry_gardened_gates, uniq_duvessa
D:5:      layout_basic, mainiacjoe_overflow_brackets, ebering_ghost_gozag
Temple:   compressed_dpeg_triangle_lava_temple

Skill      XL: |  1  2  3  4  5  6  7 |
---------------+----------------------+-----
Invocations    | 1 2 |  2.9
Short Blades   | 1 2 |  2.6
Axes           | 1 2 |  2.6
Maces & Flails | 1 2 |  2.6
Polearms       | 1 2 |  2.6
Staves         | 1 2 |  2.6
Ranged Weapons | 1 2 |  2.6
Throwing       | 1 2 |  2.6
Armour         | 1 2 |  2.6
Shields        | 1 2 |  2.6
Unarmed Combat | 1 2 |  2.6
Spellcasting   | 1 2 |  2.6
Evocations     | 1 2 |  2.6
Conjurations   | 1 2 |  2.1
Hexes          | 1 2 |  2.1
Summonings     | 1 2 |  2.1
Necromancy     | 1 2 |  2.1
Translocations | 1 2 |  2.1
Transmutations | 1 2 |  2.1
Fire Magic     | 1 2 |  2.1
Ice Magic      | 1 2 |  2.1
Air Magic      | 1 2 |  2.1
Earth Magic    | 1 2 |  2.1
Poison Magic   | 1 2 |  2.1
Fighting       | 7 |  7.1
Long Blades    | 7 |  7.1
Dodging        | 7 |  7.1
Stealth        | 5 |  5.0

Action                     |  1- 3 |  4- 6 |  7- 9 || total
---------------------------+-------+-------+-------++-------
  Melee: Falchion          |    38 |       |       ||    38
         Bite              |    17 |    17 |    11 ||    45
         Punch             |     1 |     3 |       ||     4
         Dagger            |    81 |   154 |       ||   235
         Short sword       |       |    79 |    51 ||   130
    Use: Scroll            |       |    10 |       ||    10
         Potion            |       |     1 |       ||     1
   Stab: Sleeping          |     7 |       |       ||     7
 Armour: Robe              |     7 |       |       ||     7
         Plate armour      |    50 |       |       ||    50
         Chain mail        |       |   148 |    39 ||   187
  Dodge: Dodged            |    39 |    58 |    18 ||   115
  Block: Buckler           |       |     9 |    24 ||    33

Table legend: (Time is in decaauts)
 A = Elapsed time spent in this place.
 B = Non-inter-level travel time spent in this place.
 C = Inter-level travel time spent in this place.
 D = Time resting spent in this place.
 E = Time spent auto-exploring this place.
 F = Levels seen in this place.
 G = Mean time per level.
                   A        B        C        D        E       F      G
               +--------+--------+--------+--------+--------+-----+--------+
         Total |   4908 |   4650 |    258 |    359 |   3300 |   6 |  818.0 |
       Dungeon |   4619 |   4361 |    258 |    359 |   3046 |   5 |  923.8 |
        Temple |    288 |    288 |      0 |      0 |    253 |   1 |  288.0 |
               +--------+--------+--------+--------+--------+-----+--------+

Top non-repeatable levels by time:
     D:3: 1474 daAuts
     D:2: 1046 daAuts
     D:4: 1000 daAuts
     D:1: 938 daAuts
  Temple: 288 daAuts
     D:5: 159 daAuts
